 Dungeon Crawl Stone Soup version 0.29-a0-322-g68df515428 (webtiles) character file.

Game seed: 38690622640856165

107 greenreed the Vexing (level 4, -8/34 HPs)
             Began as a Gnoll Arcane Marksman on Apr 8, 2022.
             Was an Initiate of Sif Muna.
             Mangled by a gnoll shaman
             ... wielding a +0 whip
              (9 damage)
             ... on level 5 of the Dungeon.
             The game lasted 00:18:45 (5123 turns).

greenreed the Vexing (Gnoll Arcane Marksman)        Turns: 5123, Time: 00:18:45

Health: -8/34      AC:  3    Str:  9    XL:     4   Next: 85%
Magic:  7/8        EV: 13    Int: 15    God:    Sif Muna [......]
Gold:   178        SH:  0    Dex: 12    Spells: 2/9 levels left

rFire   . . .      SeeInvis +   F - +0 hunting sling
rCold   . . .      Faith    .   (no shield)
rNeg    . . .      Spirit   .   b - +0 robe
rPois   .          Reflect  .   (no helmet)
rElec   .          Harm     .   (no cloak)
rCorr   .          Rampage  .   (no gloves)
Will    .....                   E - +0 pair of boots
Stlth   +.........              (no amulet)
HPRegen 0.11/turn               y - ring of see invisible
MPRegen 0.11/turn               (no ring)

@: lit by a corona, glowing
A: fangs 1, strong nose, distributed training
a: Renounce Religion


You were on level 5 of the Dungeon.
You worshipped Sif Muna.
Sif Muna was noncommittal.
You visited 1 branch of the dungeon, and saw 5 of its levels.

You collected 178 gold pieces.

Inventory:

Hand Weapons
 a - a +0 hand crossbow
 u - a +0 rapier
 v - a +1 vorpal hand axe
 z - a +0 halberd
 C - a +0 short sword
 F - a +0 hunting sling (weapon)
Missiles
 e - 24 stones
Armour
 b - a +0 robe (worn)
 d - a +0 buckler
 k - a +0 pair of boots
 o - a +0 chain mail
 s - a +0 tower shield
 t - a +0 plate armour
 E - a +0 pair of boots (worn)
Jewellery
 y - a ring of see invisible (left hand)
Scrolls
 c - a scroll of vulnerability
 g - a scroll of identify
 h - a scroll of noise {unknown}
 i - a scroll of holy word {unknown}
 l - 2 scrolls of teleportation
 n - 2 scrolls of amnesia
 q - a scroll of blinking {unknown}
 r - 2 scrolls of enchant weapon
 w - a scroll of summoning {unknown}
 x - a scroll of magic mapping {unknown}
Potions
 f - a potion of heal wounds {unknown}
 j - a potion of degeneration {unknown}
 m - 2 potions of haste {unknown}
 p - a potion of brilliance {unknown}
 A - 2 potions of flight {unknown}
 B - a potion of resistance {unknown}
 D - a potion of curing {unknown}


   Skills:
 + Level 2.8 Fighting
 + Level 1.2 Short Blades
 + Level 1.2 Long Blades
 + Level 1.2 Axes
 + Level 1.2 Maces & Flails
 + Level 1.2 Polearms
 + Level 1.2 Staves
 + Level 1.2 Slings
 + Level 1.2 Bows
 + Level 4.7 Crossbows
 + Level 1.2 Throwing
 + Level 1.2 Armour
 + Level 4.7 Dodging
 + Level 1.2 Stealth
 + Level 1.2 Shields
 + Level 1.2 Unarmed Combat
 + Level 3.0 Spellcasting
 + Level 1.0 Conjurations
 + Level 5.5 Hexes
 + Level 1.0 Summonings
 + Level 1.0 Necromancy
 + Level 1.0 Translocations
 + Level 1.0 Transmutations
 + Level 1.0 Fire Magic
 + Level 1.0 Ice Magic
 + Level 1.0 Air Magic
 + Level 1.0 Earth Magic
 + Level 1.0 Poison Magic
 + Level 1.4 Invocations
 + Level 1.2 Evocations


You had 2 spell levels left.
You knew the following spells:

 Your Spells              Type           Power      Damage    Failure   Level
a - Slow                  Hex            72%        N/A       1%          1
b - Inner Flame           Hex/Fire       12%        N/A       16%         3
c - Call Canine Familiar  Summ           5%         N/A       36%         3

Your spell library contained the following spells:

 Spells                   Type           Power      Damage    Failure   Level
 Portal Projectile        Hex/Tloc       24%        N/A       16%         3
 Cause Fear               Hex            9%         N/A       21%         4
 Leda's Liquefaction      Hex/Erth       6%         N/A       45%         4


Dungeon Overview and Level Annotations

Branches:
Dungeon (5/15)
 Temple: D:4-7

Altars:
Sif Muna

Annotations:
D:4 exclusion: phantom


Innate Abilities, Weirdness & Mutations

You have very sharp teeth.
Your uncanny sense of smell can sniff out nearby items.
Your experience applies equally to all skills.


Message History

The gnoll seems to speed up.
You see here a throwing net.
Fire: F) +0 hunting sling
Press: ? - help, Q - select action, (/) - cycle Shift-Dir - straight line, f/p - gnoll shaman
Aim: a gnoll shaman, wielding a +0 whip and wearing a +0 robe (58% to hit)
You shoot a sling bullet. The sling bullet hits the gnoll.
The gnoll is moderately wounded.
The gnoll hits you with a +0 whip. The gnoll hits you with a +0 whip!
Fire: F) +0 hunting sling
Press: ? - help, Q - select action, (/) - cycle Shift-Dir - straight line, f/p - gnoll shaman
Aim: a gnoll shaman, wielding a +0 whip and wearing a +0 robe (58% to hit)
Okay, then.
Unknown command.
Casting: Slow (safe; 1% risk of failure)
Confirm with . or Enter, or press ? or * to list all spells.
You don't know that spell.
Casting: Slow (safe; 1% risk of failure)
Confirm with . or Enter, or press ? or * to list all spells.
Aiming: Slow (safe; 1% risk of failure)
Press: ? - help, Shift-Dir - straight line, f/p - gnoll shaman
Aim: a gnoll shaman, wielding a +0 whip and wearing a +0 robe (chance to affect: 58%)
The gnoll seems to slow down.
The gnoll hits you from afar with a +0 halberd!
* * * LOW HITPOINT WARNING * * *
Casting: Slow (safe; 1% risk of failure)
Confirm with . or Enter, or press ? or * to list all spells.
Aiming: Slow (safe; 1% risk of failure)
Press: ? - help, Shift-Dir - straight line, f/p - gnoll shaman
Aim: a gnoll shaman, wielding a +0 whip and wearing a +0 robe (chance to affect: 58%)
The gnoll shaman resists with significant effort.
The gnoll shaman attacks as you move away!
The gnoll shaman closely misses you.
The gnoll shaman attacks as you move away!
The gnoll shaman hits you with a +0 whip!
* * * LOW HITPOINT WARNING * * *
You hear the slow rusting of a drain nearby.
The gnoll zaps a wand.
The puff of flame misses you.
The gnoll shaman attacks as you move away!
The gnoll shaman hits you with a +0 whip!
You die...

##.#....## ..###
###g###....##.....
#.g## ##g.........
#g#.###.g......#
#.##.#.........#
#.##..........##.#
#g##..#...gg....#
#.(.......g##.###
####..###.@# .#
#..# ##)# # #..#
#.#. #.#.####.#.
#.###..##.#.
##.#.#.##.#.##
#..#.##.#..##
##......#...#
###.##.##.#


You could see a gnoll shaman and 4 gnolls.

Vanquished Creatures
  A hound (D:4)
  3 adders
  A dart slug (D:1)
  5 ball pythons
  A bat (D:2)
  10 endoplasms
  3 giant cockroaches
  7 goblins
  2 hobgoblins
  3 kobolds
  3 quokkas (D:1)
  4 frilled lizards
  A rat (D:1)
44 creatures vanquished.

Vanquished Creatures (others)
  6 fungi (D:3)
  4 plants (D:3)
10 creatures vanquished.

Grand Total: 54 creatures vanquished

Notes
Turn   | Place    | Note
-------+----------+-------------------------------------------
     0 | D:1      | greenreed the Gnoll Arcane Marksman began the quest for the
                  | Orb.
     0 | D:1      | Reached XP level 1. HP: 17/17 MP: 4/4
   777 | D:1      | Reached XP level 2. HP: 14/23 MP: 3/5
  1390 | D:1      | Reached XP level 3. HP: 24/28 MP: 4/7
  2320 | D:2      | Learned a level 3 spell: Inner Flame
  2550 | D:2      | Reached skill level 1 in Invocations
  3024 | D:3      | Noticed a wight
  3024 | D:3      | Noticed a wight
  3024 | D:3      | Noticed a wight
  3024 | D:3      | Noticed a wight
  3024 | D:3      | Noticed a wight
  3117 | D:3      | Found a faded altar of an unknown god.
  3562 | D:4      | Reached skill level 1 in Short Blades
  3562 | D:4      | Reached skill level 1 in Long Blades
  3562 | D:4      | Reached skill level 1 in Axes
  3562 | D:4      | Reached skill level 1 in Maces & Flails
  3562 | D:4      | Reached skill level 1 in Polearms
  3562 | D:4      | Reached skill level 1 in Staves
  3562 | D:4      | Reached skill level 1 in Slings
  3562 | D:4      | Reached skill level 1 in Bows
  3562 | D:4      | Reached skill level 1 in Throwing
  3562 | D:4      | Reached skill level 1 in Armour
  3562 | D:4      | Reached skill level 1 in Stealth
  3562 | D:4      | Reached skill level 1 in Shields
  3562 | D:4      | Reached skill level 1 in Unarmed Combat
  3562 | D:4      | Reached skill level 1 in Evocations
  3562 | D:4      | Reached XP level 4. HP: 16/34 MP: 5/8
  3953 | D:4      | Noticed a phantom
  4165 | D:4      | Noticed an ogre
  4727 | D:4      | Found a shimmering blue altar of Sif Muna.
  4736 | D:4      | Became a worshipper of Sif Muna the Loreminder
  4761 | D:4      | Reached skill level 1 in Conjurations
  4761 | D:4      | Reached skill level 1 in Summonings
  4761 | D:4      | Reached skill level 1 in Necromancy
  4761 | D:4      | Reached skill level 1 in Translocations
  4761 | D:4      | Reached skill level 1 in Transmutations
  4761 | D:4      | Reached skill level 1 in Fire Magic
  4761 | D:4      | Reached skill level 1 in Ice Magic
  4761 | D:4      | Reached skill level 1 in Air Magic
  4761 | D:4      | Reached skill level 1 in Earth Magic
  4761 | D:4      | Reached skill level 1 in Poison Magic
  4766 | D:4      | Learned a level 3 spell: Call Canine Familiar
  5071 | D:5      | Entered Level 5 of the Dungeon
  5119 | D:5      | HP: 1/34 [gnoll shaman/+0 whip (11)]
  5123 | D:5      | Mangled by a gnoll shaman

Illustrated notes

Levels and vault maps discovered:
D:1:      heliophobic_arrival_battle_scene, layout_loops_ring
D:2:      layout_basic, chequers_serial_rivers_large_b, hex_medium
D:3:      minmay_angry_zag, layout_rooms, dreamdust_ecumenical_altar_grove
D:4:      layout_layer_cave, mainiacjoe_overflow_surrounded_room
D:5:      layout_loops_ring, minmay_temple_entry_ruins, gup_sewer_entry_glass

Skill      XL: |  1  2  3  4 |
---------------+-------------+-----
Invocations    | 1 |  1.4
Short Blades   | 1 |  1.2
Long Blades    | 1 |  1.2
Axes           | 1 |  1.2
Maces & Flails | 1 |  1.2
Polearms       | 1 |  1.2
Staves         | 1 |  1.2
Slings         | 1 |  1.2
Bows           | 1 |  1.2
Throwing       | 1 |  1.2
Armour         | 1 |  1.2
Stealth        | 1 |  1.2
Shields        | 1 |  1.2
Unarmed Combat | 1 |  1.2
Evocations     | 1 |  1.2
Spellcasting   | 3 |  3.0
Conjurations   | 1 |  1.0
Summonings     | 1 |  1.0
Necromancy     | 1 |  1.0
Translocations | 1 |  1.0
Transmutations | 1 |  1.0
Fire Magic     | 1 |  1.0
Ice Magic      | 1 |  1.0
Air Magic      | 1 |  1.0
Earth Magic    | 1 |  1.0
Poison Magic   | 1 |  1.0
Fighting       | |  2.8
Crossbows      | |  4.7
Dodging        | |  4.7
Hexes          | |  5.5

Action                   |  1- 3 |  4- 6 || total
-------------------------+-------+-------++-------
Melee: Club              |   144 |       ||   144
       Hand crossbow     |     5 |       ||     5
       Bite              |    21 |     4 ||    25
       Punch             |     1 |     2 ||     3
       Rapier            |    37 |    24 ||    61
       Hand axe          |       |    38 ||    38
 Fire: Hunting sling     |       |     3 ||     3
Throw: Stone             |    25 |    15 ||    40
 Cast: Slow              |    35 |    19 ||    54
       Call Canine Famil |       |     1 ||     1
  Use: Scroll            |       |     3 ||     3
 Stab: Sleeping          |       |     1 ||     1
Armor: Robe              |    34 |    12 ||    46
Dodge: Dodged            |   141 |    76 ||   217

Table legend: (Time is in decaauts)
 A = Elapsed time spent in this place.
 B = Non-inter-level travel time spent in this place.
 C = Inter-level travel time spent in this place.
 D = Time resting spent in this place.
 E = Time spent auto-exploring this place.
 F = Levels seen in this place.
 G = Mean time per level.
                   A        B        C        D        E       F      G
               +--------+--------+--------+--------+--------+-----+--------+
         Total |   5216 |   5091 |    125 |   1416 |   2340 |   5 | 1043.2 |
       Dungeon |   5216 |   5091 |    125 |   1416 |   2340 |   5 | 1043.2 |
               +--------+--------+--------+--------+--------+-----+--------+

Top non-repeatable levels by time:
     D:1: 2209 daAuts
     D:2: 1270 daAuts
     D:4: 1243 daAuts
     D:3: 440 daAuts
     D:5: 52 daAuts
